 Dungeon Crawl Stone Soup version 0.24.0-13-gcf9b319 (webtiles) character file.

Game seed: 4176989719657436135, levelgen mode: deterministic

23 Balder the Skirmisher (level 2, 0/49 HPs)
             Began as an Ogre Fighter on May 17, 2020.
             Succumbed to an adder's poison
             ... on level 2 of the Dungeon.
             The game lasted 00:02:53 (750 turns).

Balder the Skirmisher (Ogre Fighter)                 Turns: 750, Time: 00:02:53

Health: 0/49       AC: 21    Str: 19    XL:     2   Next: 95%
Magic:  2/2        EV:  1    Int:  9    God:
Gold:   43         SH:  8    Dex:  8    Spells: 1/1 levels left

rFire    . . .     SeeInvis .   a - +0 war axe
rCold    . . .     Gourm    .   c - +0 shield
rNeg     + + +     Faith    .   (armour currently unavailable)
rPois    +         Spirit   .   (helmet currently unavailable)
rElec    .         Reflect  .   (cloak currently unavailable)
rCorr    .         Harm     .   (gloves unavailable)
MR       .....     NoTele   +   (boots unavailable)
Stlth    +.........             (no amulet)
HPRegen  0.16/turn              (no ring)
MPRegen  0.08/turn              (no ring)

@: lethally poisoned (0 -> -7), tree-form
A: large, unfitting armour
a: no special abilities


You were on level 2 of the Dungeon.
You were not hungry.
You were a tree.
You visited 1 branch of the dungeon, and saw 2 of its levels.

You collected 43 gold pieces.

Inventory:

Hand Weapons
 a - a +0 war axe (weapon)
 k - a +3 whip of electrocution
Missiles
 i - 20 poisoned darts (quivered)
Armour
 b - a +0 robe (melded)
 c - a +0 shield (worn)
Jewellery
 j - an uncursed ring of protection from magic {unknown}
 l - an uncursed amulet of guardian spirit {unknown}
Scrolls
 e - 2 scrolls of enchant weapon {unknown}
 g - a scroll of identify {unknown}
 n - 2 scrolls of random uselessness {unknown}
Potions
 d - a potion of might
Comestibles
 f - 3 rations


   Skills:
 * Level 4.6 Fighting
 * Level 2.3 Axes
 * Level 0.1 Throwing
 * Level 2.8 Dodging
 * Level 3.0 Shields


You had one spell level left.
You didn't know any spells.
Your spell library was empty.

Dungeon Overview and Level Annotations

Branches:
Dungeon (2/15)

Altars:

Annotations:
D:2 Natasha


Innate Abilities, Weirdness & Mutations

You are too large for most types of armour.
((You have tough skin. (AC +1)))


Message History

The crimson imp hits you but does no damage.
The adder bites you but does no damage. The crimson imp completely misses you.
You hit the adder but do no damage.
The adder is lightly wounded.
You hit the crimson imp.
* * * LOW HITPOINT WARNING * * *
You feel sick. The adder bites you but does no damage.
The crimson imp hits you but does no damage.
You block the adder's attack.
You closely miss the adder.
The adder is lightly wounded.
You closely miss the crimson imp.
* * * LOW HITPOINT WARNING * * *
You feel sick. The adder bites you but does no damage.
You block the crimson imp's attack. You block the adder's attack.
The crimson imp completely misses you.
You closely miss the adder.
The adder is lightly wounded.
You hit the crimson imp.
You die...

.#.######
........###
#...<..#
##.####.# #
.......5#g#.###
....[..♣Sh5....
...########(###
..


You could see Natasha, 2 crimson imps, an adder and a hobgoblin.

Vanquished Creatures
  An ooze (D:1)
  2 dart slugs
  2 bats (D:1)
  3 giant cockroaches (D:1)
  A goblin (D:1)
  A hobgoblin (D:1)
  2 kobolds (D:1)
  2 rats (D:1)
14 creatures vanquished.

Notes
Turn   | Place    | Note
-------+----------+-------------------------------------------
     0 | D:1      | Balder the Ogre Fighter began the quest for the Orb.
     0 | D:1      | Reached XP level 1. HP: 24/24 MP: 1/1
   129 | D:1      | Reached XP level 2. HP: 33/33 MP: 2/2
   734 | D:2      | Noticed Natasha
   736 | D:2      | Noticed a crimson imp
   745 | D:2      | Noticed a crimson imp
   749 | D:2      | HP: 2/49 [poisoned by an adder]
   750 | D:2      | Succumbed to an adder's poison

Levels and vault maps discovered:
D:1:      lightli_arrival_windingriver, layout_loops_ring
D:2:      layout_basic, lemuel_round_altar,
          chequers_ecumenical_altar_simple_redux, minmay_cut_off, uniq_robin,
          uniq_natasha

Skill      XL: |  1  2 |
---------------+-------+-----
Shields        | 3 |  3.0
Fighting       | |  4.6
Axes           | |  2.3
Throwing       | |  0.1
Dodging        | |  2.8

Action                   || total
-------------------------++-------
Melee: War axe           ||    70
  Use: Potion            ||     1
Armor: Robe              ||    14
       Skin              ||    10
Dodge: Dodged            ||    28
Block: Shield            ||    46
